 Dungeon Crawl Stone Soup version 0.31-a0-210-gccc998df9b (webtiles) character file.

Game seed: 3353913296847169898

10676 Ijustatesigmund the Tainter (level 11, -15/72 HPs)
             Began as an Octopode Venom Mage on June 29, 2023.
             Was a Follower of Vehumet.
             Demolished by a large slime creature (29 damage)
             ... on level 11 of the Dungeon.
             The game lasted 00:28:45 (14540 turns).

Ijustatesigmund the Tainter (Octopode Venom Mage)  Turns: 14540, Time: 00:28:45

Health: -15/72     AC:  1    Str:  8    XL:     11   Next: 65%
Magic:  30/30      EV: 13    Int: 22    God:    Vehumet [*.....]
Gold:   550        SH: 11    Dex: 18    Spells: 6/24 levels left

rFire   . . .        n - +7 flail "Miakium" {freeze, *Rage rC+++ rCorr SInv}
rCold   + + +        l - +1 buckler
rNeg    . . .        (helmet restricted)
rPois   .            w - amulet of reflection
rElec   .            m - ring of magical power
rCorr   +            t - +6 ring of dexterity
SInv    +            v - ring of see invisible
Will    .....        (no ring)
Stlth   ++++         (no ring)
HPRegen 0.32/turn    (no ring)
MPRegen 0.22/turn    (no ring)
                     (no ring)

%: random rage (20%), reflection
@: no status effects
A: almost no armour, amphibious, 8 rings, camouflage 1, gelatinous body 1,
(nimble swimmer 1), tentacles
a: Renounce Religion


You were on level 11 of the Dungeon.
You worshipped Vehumet.
Vehumet was aware of your devotion.
You visited 2 branches of the dungeon, and saw 12 of its levels.

You collected 899 gold pieces.
You spent 349 gold pieces at shops.

Inventory:

Hand Weapons
 c - a +4 quarterstaff of chaos
 n - the +7 flail "Miakium" (weapon) {freeze, *Rage rC+++ rCorr SInv}
   (You found it on level 6 of the Dungeon)

   rC:        It renders you almost immune to cold.
   SInv:      It lets you see invisible.
   *Rage:     It berserks you when you make melee attacks (+20% chance).
   rCorr:     It protects you from acid and corrosion.
 r - the +4 dagger of Lanilal {flame, rPois rF+++ Str+2 Stlth+}
   (You found it on level 7 of the Dungeon)

   Str:       It affects your strength (+2).
   rF:        It renders you almost immune to fire.
   rPois:     It protects you from poison.
   Stlth:     It makes you more stealthy.
Missiles
 y - a throwing net
Armour
 l - a +1 buckler (worn)
Jewellery
 k - a ring of fire
 m - a ring of magical power (left tentacle)
 t - a +6 ring of dexterity (right tentacle)
 v - a ring of see invisible (on tentacle)
 w - an amulet of reflection (around mantle)
Wands
 p - a wand of charming (13)
 x - a wand of flame (1)
Scrolls
 f - a scroll of immolation
 h - a scroll of fear
 j - 2 scrolls of teleportation
 u - a scroll of enchant weapon
 A - 2 scrolls of identify
 B - a scroll of poison
Potions
 a - 2 potions of magic
 b - 5 potions of might
 d - 3 potions of lignification
 e - a potion of mutation
 g - 2 potions of haste
 i - 2 potions of heal wounds
 o - a potion of enlightenment {unknown}
 q - 6 potions of curing
 s - 3 potions of attraction {unknown}
 z - a potion of brilliance {unknown}


   Skills:
 - Level 5.6 Fighting
 - Level 2.1 Maces & Flails
 - Level 2.0 Dodging
 - Level 4.3 Stealth
 - Level 3.1 Shields
 + Level 7.1 Spellcasting
 + Level 6.2 Conjurations
 - Level 5.1 Translocations
 + Level 5.8 Transmutations
 - Level 5.5 Fire Magic
 + Level 6.2 Air Magic
 + Level 8.6 Poison Magic


You had 6 spell levels left.
You knew the following spells:

 Your Spells              Type           Power      Damage    Failure   Level
a - Sting                 Tmut/Pois      100%       1d8       1%          1
b - Poisonous Vapours     Pois/Air       80%        N/A       1%          2
c - Mephitic Cloud        Conj/Pois/Air  38%        N/A       1%          3
d - Olgreb's Toxic Radia  Pois           45%        N/A       3%          4
e - Ignite Poison         Fire/Tmut/Pois 37%        N/A       2%          3
f - Blink                 Tloc           60%        N/A       2%          2
g - Swiftness             Air            35%        N/A       2%          3

Your spell library contained the following spells:

 Spells                   Type           Power      Damage    Failure   Level
 Sandblast                Erth           14%        2d6       12%         1
 Shock                    Conj/Air       100%       1d9       1%          1
 Momentum Strike          Conj/Tloc      64%        3d9       1%          2
 Static Discharge         Conj/Air       70%        2-5/arc   1%          2
 Wereblood                Tmut           33%        N/A       1%          2
 Cigotuvi's Dreadful Rot  Necr/Pois/Air  58%        N/A       2%          2
 Lesser Beckoning         Tloc           60%        N/A       2%          2
 Vhi's Electric Charge    Tloc/Air       64%        N/A       3%          3
 Passwall                 Tmut/Erth      16%        N/A       5%          2
 Airstrike                Air            17%        2d(3-19)  10%         4
 Ensorcelled Hibernation  Hex/Ice        14%        N/A       19%         2
 Sublimation of Blood     Necr           7%         N/A       19%         2
 Arcjolt                  Conj/Air       17%        1d27      26%         5
 Summon Lightning Spire   Summ/Air       21%        N/A       34%         4
 Summon Guardian Golem    Hex/Summ       7%         N/A       36%         3
 Freezing Cloud           Conj/Ice/Air   13%        6-21      52%         5
 Animate Dead             Necr           7%         N/A       77%         4
 Plasma Beam              Fire/Air       16%        2x1d28    86%         6
 Borgnjor's Vile Clutch   Necr/Erth      3%         N/A       98%         5
 Death Channel            Necr           3%         N/A       100%        6
 Orb of Destruction       Conj           17%        9d7       100%        7
 Spellforged Servitor     Conj/Summ      10%        N/A       100%        7
 Summon Hydra             Summ           3%         N/A       100%        7


Dungeon Overview and Level Annotations

Branches:
Dungeon (11/15)            Temple (1/1) D:7            Lair (0/5) D:8
    Orc: D:9-12

Altars:
Ashenzari
Cheibriados
Dithmenos
Elyvilon
Fedhas
Gozag
Hepliaklqana
Kikubaaqudgha
Makhleb
Nemelex Xobeh
Okawaru
Qazlal
Ru
Sif Muna
Trog
Uskayaw
Vehumet
Wu Jian
Xom
Yredelemnul
Zin
The Shining One

Shops:
D:3 [   D:6 [[:

Annotations:
D:9 exclusion: ice statue


Innate Abilities, Weirdness & Mutations

You cannot wear most types of armour.
You are amphibious.
You can wear up to eight rings at the same time.
Your skin changes colour to match your surroundings (Stealth+).
Your rubbery body absorbs attacks. (AC +1, EV +1)
((You are camouflaged when in or above water. (Stealth+)))
You have tentacles for arms and can constrict up to eight enemies at once.


Message History

A - 2 scrolls of identify (gained 1)
Things that are here:
a +0 chain mail; a +0 spear
Things that are here:
a +0 robe; a +0 dagger You see here a +0 club.
Aiming: Throw Flame
Press: ? - help, Shift-Dir - straight line, f - slime creature
Aim: a slime creature (asleep, 100% to hit)
The puff of flame hits the slime creature!
The slime creature is lightly wounded.
The slime creature quivers.
A slime creature comes into view.
Things that are here:
a +0 ring mail; a +0 spear You see here a +0 leather armour.
There is an escape hatch in the floor here.
You hit the slime creature. You freeze the slime creature.
You squeeze the slime creature.
The slime creature is lightly wounded.
The slime creature barely misses you.
Two slime creatures merge to form a large slime creature.
You sock the large slime creature! You freeze the large slime creature.
The large slime creature is lightly wounded.
The large slime creature hits you!!
You hit the large slime creature. You freeze the large slime creature.
You tentacle-slap the large slime creature, but do no damage.
The large slime creature is moderately wounded.
The large slime creature hits you!!!
Ouch! That really hurt!
* * * LOW HITPOINT WARNING * * *
You block the large slime creature's attack.
You are too injured to fight recklessly!
You are too injured to fight recklessly!
You sock the large slime creature! You freeze the large slime creature.
Your tentacle-slap misses the large slime creature.
You squeeze the large slime creature!
The large slime creature is moderately wounded.
The large slime creature hits you!!
You die...

.# #....#............,,,,* .#
####...#.#########**,** .##
##.##.# ### *,* ..# ###.##.###.##
**,********
..#####...##.##...#####)..,,,,,,,
..........##.#)...........******,
.######.#.##.##...#####...,,,,,,,
.# #.#.##.###.## *,,******,,
.######..#.#.# #@# *,,* *,,
.)......###..# #J# *,,* ***,,
..##.....#...# #.# *,,* *,,,,
?.##>####.#..# #.# *,,* *,**,
#.##.# #.#..# #.# *,,* *,**,
#.##.####.#..# #># *,,* *,**,
#.##.##...#..###.# *<,****,**,
#.#..........##..# *,,,>,,,,,,
#.#..##.###.###.## *****,*,***


You could see a large slime creature.

Vanquished Creatures
  Snorg (D:11)
  4 two-headed ogres
  Psyche (D:11)
  A kobold demonologist (D:11)
  An ice devil (D:9)
  2 trolls
  2 hornets
  2 wyverns
  A wraith (D:8)
  11 yaks
  A steam dragon (D:10)
  2 vampire mosquitoes (D:11)
  Grum (D:9)
  An acid dragon (D:11)
  2 water moccasins
  4 orc warriors
  2 ice beasts (D:8)
  A sky beast (D:7)
  3 centaurs
  2 wolves (D:9)
  A gnoll sergeant (D:11)
  4 bullfrogs
  2 scorpions
  9 wights
  9 howler monkeys
  2 electric eels (D:6)
  A jelly (D:7)
  5 orc priests
  Crazy Yiuf (D:6)
  4 hounds
  A gnoll bouda (D:10)
  3 sleepcaps
  An iron imp (D:9)
  2 iguanas (D:6)
  4 orc wizards
  7 gnolls
  10 adders
  A shadow imp (D:8)
  3 white imps (D:7)
  6 ufetubi (D:9)
  A worm (D:3)
  4 dart slugs
  25 orcs
  9 ball pythons
  7 endoplasms
  2 giant cockroaches (D:1)
  3 goblins (D:1)
  6 hobgoblins
  5 jackals
  4 quokkas
  2 bats
  10 frilled lizards
  7 kobolds
  4 rats
210 creatures vanquished.

Notes
Turn   | Place    | Note
-------+----------+-------------------------------------------
     0 | D:1      | Ijustatesigmund the Octopode Venom Mage began the quest for
                  | the Orb.
     0 | D:1      | Reached XP level 1. HP: 11/11 MP: 3/3
    90 | D:1      | Reached XP level 2. HP: 13/18 MP: 5/5
   271 | D:1      | Learned a level 2 spell: Poisonous Vapours
   296 | D:1      | Found a faded altar of an unknown god.
   304 | D:1      | Reached skill level 1 in Fighting
   343 | D:1      | Reached skill level 4 in Poison Magic
   722 | D:1      | Reached XP level 3. HP: 23/23 MP: 6/6
   726 | D:1      | Learned a level 3 spell: Mephitic Cloud
  1662 | D:2      | Reached skill level 1 in Air Magic
  1662 | D:2      | Reached XP level 4. HP: 27/28 MP: 7/7
  1756 | D:2      | Reached skill level 1 in Conjurations
  2121 | D:3      | Reached XP level 5. HP: 24/34 MP: 7/9
  2342 | D:3      | Found Ponuromp's Antique Armour Emporium.
  3419 | D:4      | Reached XP level 6. HP: 40/40 MP: 5/10
  3424 | D:4      | Learned a level 4 spell: Olgreb's Toxic Radiance
  3941 | D:5      | Entered Level 5 of the Dungeon
  4047 | D:5      | Reached skill level 5 in Poison Magic
  5038 | D:6      | Reached XP level 7. HP: 43/45 MP: 6/12
  5128 | D:6      | Found Alues's Armour Emporium.
  5136 | D:6      | Bought a +0 buckler for 63 gold pieces
  5851 | D:6      | Found a stormy altar of Qazlal.
  5880 | D:6      | Identified the +7 flail "Miakium" {freeze, *Rage rC+++
                  | rCorr SInv}
  6010 | D:6      | Reached skill level 1 in Shields
  6010 | D:6      | Reached XP level 8. HP: 10/51 MP: 14/14
  6167 | D:6      | Found Loat's Book Shop.
  6173 | D:6      | Bought a Trismegistus Codex for 286 gold pieces
  6177 | D:6      | Learned a level 3 spell: Ignite Poison
  6208 | D:6      | Found a runed translucent door.
  6209 | D:6      | Noticed Crazy Yiuf
  6216 | D:6      | HP: 2/51 [Crazy Yiuf/+4 quarterstaff of chaos (17)]
  6217 | D:6      | Killed Crazy Yiuf
  6915 | D:6      | Found Gawn's Antique Armour Emporium.
  7128 | D:7      | Found a staircase to the Ecumenical Temple.
  7144 | Temple   | Entered the Ecumenical Temple
  7360 | D:7      | Reached skill level 1 in Fire Magic
  7365 | D:7      | Identified the +4 dagger of Lanilal {flame, rPois rF+++
                  | Str+2 Stlth+}
  7755 | D:7      | Reached skill level 5 in Spellcasting
  8129 | D:8      | Learned a level 2 spell: Blink
  8177 | D:8      | Reached skill level 6 in Poison Magic
  8329 | D:8      | Reached skill level 1 in Translocations
  8329 | D:8      | Reached XP level 9. HP: 56/56 MP: 16/16
  8621 | D:8      | Found a staircase to the Lair.
  8754 | D:8      | Noticed a two-headed ogre
  8887 | D:8      | Killed a two-headed ogre
  8938 | D:8      | Found a white marble altar of Elyvilon.
  8950 | D:8      | Found a radiant altar of Vehumet.
  8994 | D:8      | Became a worshipper of Vehumet
  9339 | D:9      | Reached skill level 7 in Poison Magic
  9504 | D:9      | Reached XP level 10. HP: 63/63 MP: 18/18
  9613 | D:9      | Noticed Grum
  9617 | D:9      | Killed Grum
 10145 | D:10     | Entered Level 10 of the Dungeon
 10145 | D:10     | Noticed a two-headed ogre
 10149 | D:10     | Killed a two-headed ogre
 10150 | D:10     | Reached skill level 5 in Conjurations
 10150 | D:10     | Reached skill level 5 in Air Magic
 10168 | D:9      | HP: 3/63 [wraith (14)]
 10169 | D:9      | HP: 1/63 [wraith (2)]
 10170 | D:9      | Noticed a two-headed ogre
 10361 | D:9      | Killed a two-headed ogre
 10362 | D:9      | Reached skill level 5 in Fighting
 11023 | D:9      | Found a snail-covered altar of Cheibriados.
 11060 | D:9      | Found a shimmering blue altar of Sif Muna.
 11096 | D:9      | Reached * piety under Vehumet
 11096 | D:9      | Offered knowledge of Sandblast by Vehumet.
 11104 | D:9      | Reached skill level 5 in Transmutations
 11216 | D:9      | Noticed an ice statue
 11225 | D:9      | Reached skill level 1 in Maces & Flails
 11418 | D:10     | Found an iron altar of Okawaru.
 11444 | D:10     | Reached skill level 8 in Poison Magic
 11444 | D:10     | Reached XP level 11. HP: 55/72 MP: 12/21
 11514 | D:10     | Reached skill level 5 in Fire Magic
 12011 | D:10     | Found an ornate altar of the Wu Jian Council.
 12215 | D:10     | Learned a level 3 spell: Swiftness
 12448 | D:10     | You fall into a shaft and drop 1 floor!
 12743 | D:11     | Noticed a two-headed ogre
 12746 | D:11     | Killed a two-headed ogre
 13118 | D:10     | Found an opulent altar of Gozag.
 13423 | D:11     | Noticed Snorg
 13433 | D:11     | Killed Snorg
 14012 | D:11     | Reached skill level 5 in Translocations
 14169 | D:11     | Noticed Psyche
 14173 | D:11     | Killed Psyche
 14540 | D:11     | Demolished by a large slime creature

Illustrated notes

Levels and vault maps discovered:
D:1:      dpeg_arrival_central, layout_basic, ebering_ecumenical_altar_webs
D:2:      layout_loops_cross
D:3:      layout_loops_ring, serial_shops, shop_coins
D:4:      layout_rooms, minmay_misc_feat_ornament, minmay_door_square
D:5:      layout_basic, patterned_corridor
D:6:      layout_basic, mainiacjoe_overflow_24_doors, serial_shops,
          nicolae_shop_back_alley_shop, shop, kennysheep_little_box,
          lightli_minifort, uniq_crazy_yiuf_cottage
D:7:      layout_basic, minmay_temple_entry_glassed_door
D:8:      layout_basic, jmf_multi_god_temple, lair_entry_dummy,
          eino_tiny_chamber
D:9:      cheibrodos_frozen_isle, layout_cave_pools, slow_altar_1,
          mainiacjoe_overflow_cross_hatched, uniq_grum
D:10:     layout_basic, grunt_gozag_statues, nicolae_overflow_hidden_temple,
          nicolae_wu_jian_wuxing_cycle
D:11:     layout_loops_ring, uniq_psyche, uniq_snorg
Temple:   eino_narrow_crystal_temple

Skill      XL: |  1  2  3  4  5  6  7  8  9 10 11 |
---------------+----------------------------------+-----
Fighting       | 1 2 3 4 5 |  5.6
Poison Magic   | 4 5 6 7 8 |  8.6
Air Magic      | 1 2 3 4 5 6 |  6.2
Conjurations   | 1 2 3 4 5 6 |  6.2
Spellcasting   | 3 4 5 6 7 |  7.1
Stealth        | 3 4 |  4.3
Shields        | 1 3 |  3.1
Fire Magic     | 2 3 4 5 |  5.5
Transmutations | 2 3 5 |  5.8
Translocations | 1 2 4 5 |  5.1
Maces & Flails | 1 2 |  2.1
Dodging        | |  2.0

Action                     |  1- 3 |  4- 6 |  7- 9 | 10-12 || total
---------------------------+-------+-------+-------+-------++-------
  Melee: Unarmed           |    42 |       |       |       ||    42
         Tentacles         |    16 |    16 |    25 |    16 ||    73
         Constrict         |    18 |    24 |    20 |    15 ||    77
         Punch             |     3 |     2 |     1 |     3 ||     9
         Dire flail        |    34 |    83 |    11 |       ||   128
         Flail             |       |       |    78 |    69 ||   147
   Cast: Sting             |     4 |     1 |     1 |     1 ||     7
         Poisonous Vapours |     2 |    21 |    18 |    38 ||    79
         Olgreb's Toxic Ra |       |     1 |     8 |    11 ||    20
         Mephitic Cloud    |       |       |     2 |    10 ||    12
         Ignite Poison     |       |       |     3 |    28 ||    31
         Blink             |       |       |       |     2 ||     2
  Evoke: Wand              |       |       |       |     9 ||     9
    Use: Scroll            |     8 |     7 |     3 |     6 ||    24
         Potion            |       |     1 |     1 |       ||     2
   Stab: Sleeping          |     8 |    12 |     5 |       ||    25
         Distracted        |     1 |       |     2 |     1 ||     4
 Armour: Skin              |     4 |     2 |     2 |     1 ||     9
  Dodge: Dodged            |    40 |    40 |    48 |    52 ||   180
  Block: Buckler           |       |       |    18 |    36 ||    54

Table legend: (Time is in decaauts)
 A = Elapsed time spent in this place.
 B = Non-inter-level travel time spent in this place.
 C = Inter-level travel time spent in this place.
 D = Time resting spent in this place.
 E = Time spent auto-exploring this place.
 F = Levels seen in this place.
 G = Mean time per level.
                   A        B        C        D        E       F      G
               +--------+--------+--------+--------+--------+-----+--------+
         Total |  14869 |  14591 |    278 |   6149 |   6829 |  12 | 1239.1 |
       Dungeon |  14682 |  14417 |    265 |   6149 |   6661 |  11 | 1334.7 |
        Temple |    187 |    174 |     13 |      0 |    168 |   1 |  187.0 |
               +--------+--------+--------+--------+--------+-----+--------+

Top non-repeatable levels by time:
     D:6: 2175 daAuts
    D:11: 1851 daAuts
     D:8: 1765 daAuts
     D:9: 1654 daAuts
    D:10: 1361 daAuts
     D:1: 1278 daAuts
     D:3: 1039 daAuts
     D:4: 1011 daAuts
     D:7: 995 daAuts
     D:5: 906 daAuts
     D:2: 641 daAuts
  Temple: 187 daAuts
